AoeStats
← manriqueteee

Arabia

505767472Analyzed
2v2 RM · 22d ago on Sep 11, 2026· 55m 33s· 4 players
Game mode
Random Map
Map size
Medium (4 player)
Population
200
Speed
Normal
Resources
Standard
Victory
Conquest
Starting age
Dark Age
Ending age
Imperial Age
RankedLock teamsTeams togetherTeam positionsShared explorationLock speedFull tech treeHidden civsTurbo modeCheats
Victory
Defeat
🇨🇴 Sicilians · Colombia
911
+14
🇨🇴 Khmer · Colombia
891
+42
🇲🇽 Mongols · Mexico
877
-15
🇲🇽 Byzantines · Mexico
868
-15
axj_lennux
10:48 Feudal Age
10:05 Loom
14:32 Feudal Age
23:54 Horse Collar
29:53 Castle Age
28:02 Double-Bit Axe
36:12 Crossbowman
DAX
10:00 Feudal Age
10:58 Loom
18:36 Gold Mining
19:38 Bloodlines
20:34 Double-Bit Axe
21:37 Wheelbarrow
24:09 Castle Age
26:08 Hand Cart
26:13 Bow Saw
30:58 Fletching
42:13 Bodkin Arrow
42:32 Forging
42:28 Scale Barding Armor
44:10 Gold Shaft Mining
46:50 Husbandry
49:28 Light Cavalry
52:52 Iron Casting
manriqueteee
9:35 Feudal Age
11:43 Wheelbarrow
11:48 Double-Bit Axe
17:08 Loom
19:37 Scale Barding Armor
19:30 Horse Collar
23:46 Castle Age
26:54 Hand Cart
27:46 Husbandry
29:56 Bloodlines
31:52 Heavy Plow
35:36 Tusk Swords
42:03 Chain Barding Armor
41:56 Forging
42:08 Bow Saw
42:03 Gold Mining
42:03 Stone Mining
47:57 Iron Casting
47:23 Padded Archer Armor
47:14 Fletching
54:20 Imperial Age
54:25 Elite Ballista Elephant
AdoFan14799
7:35 Loom
28:17 Feudal Age
40:38 Castle Age
42:43 Double-Bit Axe
44:56 Pikeman
55:18 Horse Collar
55:51 Bow Saw
Connection lost

Rejoining the realm…

Still unreachable

The connection could not be restored.

Session expired

The server has moved on; the page needs a fresh start.